 Dungeon Crawl Stone Soup version 0.23.2-40-g277498a (webtiles) character file.

Game seed: 1545504042279145208

338 Fang the Skirmisher (level 6, -7/40 HPs)
             Began as a Gargoyle Berserker on Oct 24, 2019.
             Was a Priest of Trog.
             Splashed by an orc wizard's acid (11 damage)
             ... on level 4 of the Dungeon.
             The game lasted 00:02:41 (2625 turns).

Fang the Skirmisher (Gargoyle Berserker)            Turns: 2625, Time: 00:02:42

Health: -7/40      AC: 13    Str: 23    XL:     6   Next: 55%
Magic:  6/6        EV:  9    Int:  7    God:    Trog [***...]
Gold:   195        SH:  0    Dex:  9    Spells: 5/5 levels left

rFire    . . .     SeeInvis .   a - +0 hand axe
rCold    . . .     Gourm    .   (no shield)
rNeg     + . .     Faith    .   b - +0 chain mail
rPois    ∞         Spirit   .   (no helmet)
rElec    +         Reflect  .   o - +2 cloak {+Inv}
rCorr    .         Harm     .   (no gloves)
MR       .....                  (no boots)
Stlth    ..........             (no amulet)
HPRegen  0.13/turn              (no ring)
MPRegen  0.10/turn              (no ring)

@: corroded
A: negative energy resistance 1, electricity resistance, unbreathing,
petrification resistance, rot immunity, AC +4
a: Berserk, Trog's Hand, Renounce Religion, Evoke Invisibility


You were on level 4 of the Dungeon.
You worshipped Trog.
Trog was most pleased with you.
You were not hungry.

You visited 1 branch of the dungeon, and saw 4 of its levels.

You collected 195 gold pieces.

Inventory:

Hand Weapons
 a - a +0 hand axe (weapon)
Armour
 b - a +0 chain mail (worn)
 o - a +2 cloak of invisibility (worn)
Scrolls
 e - a scroll of teleportation {unknown}
 g - 4 scrolls of remove curse {unknown}
 j - 6 scrolls of identify {unknown}
 l - a scroll of amnesia {unknown}
 m - 3 scrolls of enchant armour {unknown}
 q - a scroll of random uselessness {unknown}
 r - a scroll of magic mapping {unknown}
 s - a scroll of immolation {unknown}
Potions
 d - a potion of agility {unknown}
 h - 4 potions of heal wounds {unknown}
 i - a potion of mutation {unknown}
 k - a potion of curing {unknown}
 n - a potion of resistance {unknown}
 p - a potion of might {unknown}
Comestibles
 c - 7 rations
 f - 3 chunks of flesh


   Skills:
 + Level 4.8 Fighting
 + Level 3.9 Axes
 + Level 4.0 Armour
 + Level 3.0 Dodging


You had 5 spell levels left.
You didn't know any spells.
Your spell library was empty.

Dungeon Overview and Level Annotations

Branches:
Dungeon (4/15)             Temple (0/1) D:4

Altars:
Hepliaklqana
Makhleb
Okawaru
Yredelemnul


Innate Abilities, Weirdness & Mutations

You are resistant to torment.
Your stone body is resilient. (AC +4)
You are immune to poison.
You resist negative energy. (rN+)
You are resistant to electric shocks. (rElec)
You can survive without breathing.
You are immune to petrification.
You are immune to rotting.


Message History

You are exhausted.
You feel yourself slow down.
You start resting.
You feel yourself speed up.
You start resting.
You recover from your berserk rage.
You start resting.
An orc wizard comes into view.
It is wielding a +0 dagger and carrying a wand of acid (8).
An orc wizard is nearby!
An orc wizard is nearby!
The orc wizard looks braver for a moment.
An orc comes into view. It is wielding a +0 club.
The orc shouts!
Found a staircase to the Ecumenical Temple.
The orc wizard hits you but does no damage.
You closely miss the orc wizard. You closely miss the orc.
The orc wizard zaps a wand.
The bolt of acid hits you!
* * * LOW HITPOINT WARNING * * *
The acid corrodes you!
You are splashed with acid!
You die...

.#..####..##..# #..#.#
.#.)# #..##..###.#.####.
#..####..............[..
#.[......##..##..#......
#.####.÷.##..##))#.###..
#))..÷.#..#..##..# #
#####.###........#
#..#..#..##.##
##...##..##@#
######..##oo.#
#....o...# ##.#..#...#
.....#.... ..### #.>.#
#. .... #. #..


You could see an orc wizard and 2 orcs.

Vanquished Creatures
  2 orc wizards (D:4)
  An orc priest (D:4)
  Jessica (D:3)
  2 worker ants (D:4)
  4 gnolls (D:3)
  4 adders (D:2)
  An ooze (D:3)
  An adder skeleton (D:4)
  6 worms
  A dart slug (D:3)
  3 leopard geckos
  4 orcs
  A ball python (D:1)
  6 giant cockroaches
  8 goblins
  5 hobgoblins
  2 jackals (D:4)
  4 kobolds
  A quokka (D:3)
  6 bats
  5 frilled lizards
  A leopard gecko skeleton (D:2)
  11 rats
80 creatures vanquished.

Notes
Turn   | Place    | Note
-------+----------+-------------------------------------------
     0 | D:1      | Fang the Gargoyle Berserker began the quest for the Orb.
     0 | D:1      | Reached XP level 1. HP: 14/14 MP: 1/1
   205 | D:1      | Reached XP level 2. HP: 18/19 MP: 2/2
   650 | D:2      | Found a basalt altar of Yredelemnul.
   692 | D:2      | Reached ** piety under Trog
   712 | D:2      | Reached XP level 3. HP: 24/24 MP: 3/3
  1007 | D:2      | Reached XP level 4. HP: 27/29 MP: 4/4
  1419 | D:2      | Found a burning altar of Makhleb.
  1578 | D:3      | Noticed Jessica
  1592 | D:3      | Killed Jessica
  1592 | D:3      | Reached XP level 5. HP: 31/33 MP: 5/5
  2043 | D:3      | Reached *** piety under Trog
  2145 | D:3      | Found an iron altar of Okawaru.
  2145 | D:3      | Found a hazy altar of Hepliaklqana.
  2315 | D:4      | Reached XP level 6. HP: 30/39 MP: 6/6
  2623 | D:4      | Found a staircase to the Ecumenical Temple.
  2625 | D:4      | Splashed by an orc wizard's acid

Skill      XL: |  1  2  3  4  5  6 |
---------------+-------------------+-----
Axes           | 3 |  3.9
Dodging        | 2 3 |  3.0
Armour         | 3 4 |  4.0
Fighting       | 4 |  4.8

Action                   |  1- 3 |  4- 6 || total
-------------------------+-------+-------++-------
Melee: Hand axe          |   118 |   195 ||   313
Invok: Berserk           |       |     2 ||     2
  Eat: Chunk             |       |     8 ||     8
Armor: Chain mail        |    61 |   145 ||   206
       Animal skin       |     4 |       ||     4
Dodge: Dodged            |    53 |    77 ||   130
